 Dungeon Sprint DCSS version 0.30-a0-1116-gebefce21f7 (webtiles) character file.

Game seed: 6283046967836411587

1232 fozzywoppz the Nimble (level 8, -8/108 HPs)
             Began as a Merfolk Gladiator on Apr 21, 2023.
             Was a Follower of Okawaru.
             Killed by divine providence
             ... invoked by a meliai
              (13 damage)
             ... in the Dungeon (Sprint IX: "|||||||||||||||||||||||||||||").
             The game lasted 00:03:04 (330 turns).

fozzywoppz the Nimble (Merfolk Gladiator)            Turns: 330, Time: 00:03:04

Health: -8/108     AC: 11    Str: 16    XL:     8   Next: 48%
Magic:  8/8        EV: 15    Int:  7    God:    Okawaru [*.....]
Gold:   0          SH:  0    Dex: 19    Spells: 7/7 levels left

rFire   . . .      SeeInvis .    b - +2 scimitar (flame)
rCold   . . .      Faith    .    (no shield)
rNeg    . . .      Spirit   .    q - +1 chain mail
rPois   .          Reflect  .    r - +0 helmet
rElec   .          Rampage  .    (no cloak)
rCorr   .          NoTele   +    (no gloves)
Will    .....                    s - +0 pair of boots Stlth
                                 (no amulet)
HPRegen 0.38/turn                o - +2 ring of evasion
MPRegen 0.11/turn                p - +3 ring of dexterity

@: berserking, very quick
A: (nimble swimmer 2), mertail
a: Renounce Religion, Heroism


You were in the Dungeon.
You worshipped Okawaru.
Okawaru was aware of your devotion.
You visited 1 branch

Inventory:

Hand Weapons
 a - a +0 long sword
 b - a +2 scimitar of flaming (weapon)
Missiles
 d - 3 throwing nets (quivered)
 e - a javelin
Armour
 q - a +1 chain mail (worn)
 r - a +0 helmet (worn)
 s - a +0 pair of boots (worn)
Jewellery
 o - a +2 ring of evasion (left hand)
 p - a +3 ring of dexterity (right hand)
Wands
 n - a wand of iceblast (9)
Scrolls
 k - 2 scrolls of blinking
 m - 2 scrolls of amnesia
Potions
 f - a potion of invisibility
 g - a potion of heal wounds
 i - 4 potions of magic
 l - 4 potions of curing


   Skills:
 + Level 10.3 Fighting
 + Level 11.5 Long Blades
 + Level 9.4 Throwing
 + Level 12.5 Dodging


You had 7 spell levels left.
You didn't know any spells.
Your spell library was empty.

Dungeon Overview and Level Annotations

Branches:
Dungeon (1/1)

Altars:
Cheibriados
Dithmenos
Elyvilon
Fedhas
Gozag
Hepliaklqana
Kikubaaqudgha
Makhleb
Nemelex Xobeh
Okawaru
Qazlal
Ru
Sif Muna
Trog
Uskayaw
Vehumet
Wu Jian
Xom
Yredelemnul
Zin
The Shining One
Jiyva
Lugonu


Innate Abilities, Weirdness & Mutations

((You are very nimble when in or above water. (Stealth+, EV+, Speed+++)))
Your lower body shifts to a powerful aquatic tail in water.


Message History

* * * LOW HITPOINT WARNING * * *
You completely miss the skeletal warrior.
The skeletal warrior is severely damaged.
You are too berserk!
You hit the skeletal warrior but do no damage.
The skeletal warrior is severely damaged.
The skeletal warrior hits you with a +0 flail.
* * * LOW HITPOINT WARNING * * *
You slice the skeletal warrior!! You burn the skeletal warrior.
The skeletal warrior is almost destroyed.
The skeletal warrior hits you with a +0 flail.
* * * LOW HITPOINT WARNING * * *
You slice the skeletal warrior!! You burn the skeletal warrior.
You destroy the skeletal warrior!
Okawaru is honoured by your kill.
The meliai calls down the wrath of its god upon you.
Something smites you!
* * * LOW HITPOINT WARNING * * *
Your Fighting skill increases to level 10!
Your Long Blades skill increases to level 11!
Your Throwing skill increases to level 9!
Your Dodging skill increases to level 12!
You have reached level 8!
You hack one of the seven-headed hydra's heads off!
The flame cauterises the wound!
You slash the six-headed hydra! You burn the six-headed hydra.
The six-headed hydra is moderately wounded.
Unknown command.
You slice one of the six-headed hydra's heads off!
The flame cauterises the wound!
You slash the five-headed hydra! You burn the five-headed hydra.
The five-headed hydra is heavily wounded.
The five-headed hydra bites you but does no damage.
The five-headed hydra closely misses you.
The five-headed hydra barely misses you.
The five-headed hydra closely misses you.
The five-headed hydra bites you but does no damage.
The meliai invokes the aid of its god against you.
Something smites you!
You die... ▓▓▓▓▓▓▓▓▓▓▓▓▓▓▓▓▓▓▓▓▓▓▓▓ .y{T.gD@...[)'....[.)..' ▓▓▓▓▓▓▓▓▓▓▓▓▓▓▓▓▓▓▓▓▓▓▓▓

You could see a five-headed hydra, a troll, a gnoll sergeant and a meliai.

Vanquished Creatures
  A skeletal warrior (D)
  A yak (D)
  2 acid dragons (D)
  An orc warrior (D)
  A centaur (D)
  A phantom (D)
  A howler monkey (D)
  A sleepcap (D)
  An iguana (D)
  A gnoll (D)
  A white imp (D)
  An endoplasm (D)
  A goblin (D)
  2 hobgoblins (D)
  A kobold (D)
17 creatures vanquished.

Notes
Turn   | Place    | Note
-------+----------+-------------------------------------------
     0 | D        | fozzywoppz the Merfolk Gladiator began the quest for the
                  | Orb.
     0 | D        | Reached XP level 1. HP: 16/16 MP: 1/1
    40 | D        | Noticed an iguana
    40 | D        | Noticed a phantom
    40 | D        | Noticed a sleepcap
    51 | D        | Killed a sleepcap
    52 | D        | Reached skill level 5 in Long Blades
    52 | D        | Reached skill level 5 in Dodging
    52 | D        | Reached XP level 2. HP: 18/25 MP: 2/2
    52 | D        | Reached XP level 3. HP: 22/30 MP: 3/3
    68 | D        | Killed a phantom
    69 | D        | Reached skill level 5 in Fighting
    69 | D        | Reached skill level 5 in Throwing
    69 | D        | Reached skill level 7 in Dodging
    69 | D        | Reached XP level 4. HP: 21/39 MP: 4/4
    69 | D        | Reached XP level 5. HP: 24/44 MP: 5/5
    90 | D        | Found a snail-covered altar of Cheibriados.
    90 | D        | Found a shadowy altar of Dithmenos.
    90 | D        | Found a white marble altar of Elyvilon.
    90 | D        | Found a blossoming altar of Fedhas.
    90 | D        | Found an opulent altar of Gozag.
   186 | D        | Found a hazy altar of Hepliaklqana.
   187 | D        | Found a viscous altar of Jiyva.
   188 | D        | Found an ancient bone altar of Kikubaaqudgha.
   189 | D        | Found a corrupted altar of Lugonu.
   190 | D        | Found a burning altar of Makhleb.
   191 | D        | Found a sparkling altar of Nemelex Xobeh.
   192 | D        | Found an iron altar of Okawaru.
   193 | D        | Found a stormy altar of Qazlal.
   194 | D        | Found a sacrificial altar of Ru.
   195 | D        | Found a shimmering blue altar of Sif Muna.
   196 | D        | Found a bloodstained altar of Trog.
   197 | D        | Found a hide-covered altar of Uskayaw.
   198 | D        | Found a radiant altar of Vehumet.
   199 | D        | Found an ornate altar of the Wu Jian Council.
   200 | D        | Became a worshipper of Warmaster Okawaru
   201 | D        | Found a shimmering altar of Xom.
   202 | D        | Found a basalt altar of Yredelemnul.
   203 | D        | Found a glowing silver altar of Zin.
   204 | D        | Found a glowing golden altar of the Shining One.
   274 | D        | Noticed an acid dragon
   274 | D        | Noticed an acid dragon
   274 | D        | Noticed an orc warrior
   274 | D        | Noticed a yak
   274 | D        | Noticed a centaur
   281 | D        | Killed a centaur
   282 | D        | Reached skill level 8 in Dodging
   282 | D        | Reached XP level 6. HP: 41/53 MP: 6/6
   289 | D        | Killed a yak
   290 | D        | Reached skill level 9 in Dodging
   291 | D        | Killed an orc warrior
   292 | D        | Reached skill level 10 in Dodging
   292 | D        | Reached XP level 7. HP: 40/62 MP: 7/7
   292 | D        | Reached * piety under Okawaru
   304 | D        | Reached skill level 10 in Long Blades
   304 | D        | Reached skill level 11 in Dodging
   312 | D        | Noticed a meliai
   312 | D        | Noticed a seven-headed hydra
   312 | D        | Noticed a vampire
   312 | D        | Noticed a troll
   312 | D        | Noticed a skeletal warrior
   328 | D        | Killed a skeletal warrior
   328 | D        | HP: 4/96 [meliai/divine providence (11)]
   329 | D        | Reached skill level 10 in Fighting
   329 | D        | Reached skill level 12 in Dodging
   329 | D        | Reached XP level 8. HP: 5/72 MP: 8/8
   330 | D        | Killed from afar by a meliai

Illustrated notes

Levels and vault maps discovered:
D:        linesprint [early_d, line_temple, items_1, d_10, items_2, lair_1,
          lair_end, items_3, orc_1, orc_end, items_4, d_15, swamp_1, shoals_1,
          snake_1, spider_1, d_20, vaults_1, items_5, swamp_end, shoals_end,
          snake_end, spider_end, vaults_end, d_27, items_6, zot_1, zot_end,
          crypt_end, forest_end, elf_end, slime_end, tomb_end, abyss_end,
          pan_hell_end]

Skill      XL: |  1  2  3  4  5  6  7 |
---------------+----------------------+-----
Long Blades    | 5 6 8 9 11 | 11.5
Fighting       | 4 5 6 8 10 | 10.3
Throwing       | 3 5 6 7 9 |  9.4
Dodging        | 5 7 8 10 12 | 12.5

Action                     |  1- 3 |  4- 6 |  7- 9 || total
---------------------------+-------+-------+-------++-------
  Melee: Long sword        |    41 |    11 |       ||    52
         Scimitar          |       |    14 |    30 ||    44
         Punch             |       |       |     1 ||     1
  Evoke: Wand              |       |     1 |       ||     1
    Use: Potion            |     2 |     1 |     2 ||     5
 Armour: Leather armour    |     7 |     1 |       ||     8
         Chain mail        |       |     3 |     5 ||     8
  Dodge: Dodged            |    25 |    14 |    14 ||    53

Table legend: (Time is in decaauts)
 A = Elapsed time spent in this place.
 B = Non-inter-level travel time spent in this place.
 C = Inter-level travel time spent in this place.
 D = Time resting spent in this place.
 E = Time spent auto-exploring this place.
 F = Levels seen in this place.
 G = Mean time per level.
                   A        B        C        D        E       F      G
               +--------+--------+--------+--------+--------+-----+--------+
         Total |    317 |    317 |      0 |    109 |      0 |   1 |  317.0 |
       Dungeon |    317 |    317 |      0 |    109 |      0 |   1 |  317.0 |
               +--------+--------+--------+--------+--------+-----+--------+

Top non-repeatable levels by time:
       D: 317 daAuts
